 Dungeon Crawl Stone Soup version bcrawl-1.39.1 (webtiles) character file.

Game seed: 17183625874425243533

442542 Finalfun the Magus (level 13, -8/102 HPs)
             Began as an Oni Fire Elementalist on Sept 26, 2023.
             Was an Elder of Nemelex Xobeh.
             Mangled by a death yak (9 damage)
             ... on level 3 of the Lair of Beasts.
             The game lasted 01:02:09 (13390 turns).

Finalfun the Magus (Oni Fire Elementalist)         Turns: 13390, Time: 01:02:09

Health: -8/102     AC: 15    Str: 11    XL:     13   Next: 18%
Magic:  28/28      EV: 15    Int: 22    God:    Nemelex Xobeh [****..]
Gold:   824        SH:  6    Dex: 15    Spells: 7/30 levels left

rFire    . . .     GDR:     32%   - Fists (10.3)
rCold    + . .     SeeInvis .   (no shield)
rNeg     . . .     Gourm    .   C - +0 steam dragon scales
rPois    +         Faith    .   R - +2 hat {MR+}
rElec    .         Spirit   .   A - +1 cloak
rCorr    .         Reflect  +   p - +0 pair of gloves
MR       +++..                  T - +2 pair of boots {Stlth++}
Stlth    ++++......             w - +6 amulet of reflection
HPRegen  0.27/turn              r - ring "Dingazu" {+Fly MR+}
MPRegen  0.21/turn              t - ring "Toakhol" {rPois rC+ MR+ Dex+3}

@: about to teleport
A: oni magic, claws 1, fangs 1, horns 1
a: Draw Escape, Draw Destruction, Draw Summoning, Triple Draw, Deal Four,
Renounce Religion, Evoke Flight


You were on level 3 of the Lair of Beasts.
You worshipped Nemelex Xobeh.
Nemelex Xobeh was greatly pleased with you.
You were not hungry.

You visited 3 branches of the dungeon, and saw 13 of its levels.

You collected 824 gold pieces.

Inventory:

Missiles
 f - 1010 arrows
 G - 289 poisoned tomahawks (quivered)
 S - 78 javelins
Armour
 p - a +0 pair of gloves (worn)
 A - a +1 cloak (worn)
 C - +0 steam dragon scales (worn)
 R - a +2 hat of magic resistance (worn)
 T - a +2 pair of boots of stealth (worn)
Jewellery
 r - the ring "Dingazu" (left hand) {+Fly MR+}
   (You took it off a kobold on level 2 of the Dungeon)

   [ring of flight]

   It affects your resistance to hostile enchantments.
   It lets you fly.
 t - the ring "Toakhol" (right hand) {rPois rC+ MR+ Dex+3}
   (You found it on level 1 of the Lair of Beasts)

   [ring of protection from magic]

   It affects your dexterity (+3).
   It protects you from cold.
   It protects you from poison.
   It affects your resistance to hostile enchantments.
 w - a +6 amulet of reflection (around neck)
 F - an uncursed ring of protection from cold
Wands
 c - a wand of flame (25)
 y - a wand of paralysis (10)
 M - a wand of random effects (6)
Scrolls
 a - a scroll of revelation {unknown}
 j - 2 scrolls of blinking {unknown}
 k - 5 scrolls of amnesia
 l - 2 scrolls of fog {unknown}
 m - 4 scrolls of noise
 q - 4 scrolls of remove curse
 s - a scroll of acquirement {unknown}
 u - 6 scrolls of enchant weapon
 v - 2 scrolls of teleportation
 I - a scroll of fear {unknown}
 N - 2 scrolls of enchant armour
 P - a scroll of silence {unknown}
 Q - 2 scrolls of vulnerability {unknown}
Potions
 b - 3 potions of brilliance
 d - a potion of agility {unknown}
 g - 5 potions of haste
 h - 3 potions of berserk rage
 n - 3 potions of curing
 o - 2 potions of degeneration {unknown}
 x - a potion of magic
 z - 2 potions of might
 B - a potion of resistance
 D - 2 potions of mutation
 E - a potion of flight {unknown}
 H - a potion of ambrosia {unknown}
 J - 3 potions of heal wounds
 K - a potion of lignification {unknown}
 O - a potion of cancellation {unknown}
Miscellaneous
 L - a box of beasts
 U - a lamp of fire
Comestibles
 e - 14 rations {!d}


   Skills:
 + Level 6.2 Fighting
 + Level 5.9 Armour
 + Level 5.9 Dodging
 - Level 2.0 Stealth
 + Level 6.2 Unarmed Combat
 - Level 9.0 Spellcasting
   Level 9.0 Conjurations
   Level 9.0 Hexes
   Level 9.0 Charms
   Level 9.0 Summonings
   Level 9.0 Necromancy
   Level 9.0 Translocations
   Level 9.0 Transmutations
   Level 9.0 Fire Magic
   Level 9.0 Ice Magic
   Level 9.0 Air Magic
   Level 9.0 Earth Magic
   Level 9.0 Poison Magic
 - Level 15.0 Invocations
 + Level 2.0 Evocations


You had 7 spell levels left.
You knew the following spells:

 Your Spells              Type           Power        Failure   Level  Hunger
a - Flame Tongue          Conj/Fire      #####        1%          1    None
b - Freeze                Ice            ######       1%          1    None
c - Conjure Flame         Conj/Fire      #####...     1%          3    None
d - Animate Dead          Necr           N/A          1%          4    ##.....
e - Cause Fear            Hex            ######....   1%          4    ##.....
f - Fireball              Conj/Fire      #####.....   4%          5    ####...
g - Summon Mana Viper     Hex/Summ       #####...     4%          5    ####...

Your spell library contained the following spells:

 Spells                   Type           Power        Failure   Level  Hunger
 Flaming Arrows           Chrm/Fire      #####...     1%          2    None
 Throw Frost              Conj/Ice       #####.       1%          2    None
 Inner Flame              Hex/Fire       N/A          1%          3    None
 Sticky Flame             Conj/Fire      #####...     1%          4    ##.....
 Steam Barrier            Chrm/Fire      #####.....   4%          5    ####...


Dungeon Overview and Level Annotations

Branches:
Dungeon (9/12)             Temple (1/1) D:4            Lair (3/6) D:8
  Swamp: Lair:2-4    Shoals: Lair:2-4     Snake: Lair:2-4    Spider: Lair:2-4
    Orc: D:8-11

Altars:
Ashenzari
Cheibriados
Dithmenos
Fedhas
Gozag
Hepliaklqana
Kikubaaqudgha
Lugonu
Makhleb
Nemelex Xobeh
Okawaru
Qazlal
Ru
Sif Muna
Trog
Uskayaw
Vehumet
Wu Jian
Xom
Yredelemnul

Shops:
D:5 [   D:7 (

Annotations:
D:7 2 transporters, pecorinoman's ghost, novice HOBe
Lair:1 exclusion: oklob plant


Innate Abilities, Weirdness & Mutations

You learn spells by gaining experience, not through books or religion.
You only train spellcasting to practice magic.
You have sharp fingernails.
You have very sharp teeth.
You have a pair of small horns on your head.


Message History

The death yak is moderately wounded.
You block the death yak's attack. The death yak gores you!
The death yak barely misses you.
Your Evocations skill increases to level 2!
As you read the scroll of teleportation, it crumbles to dust.
You feel strangely unstable. The death yak gores you!!
* * * LOW HITPOINT WARNING * * *
The death yak gores you!
* * * LOW HITPOINT WARNING * * *
The death yak gores you.
* * * LOW HITPOINT WARNING * * *
Okay, then.
As you read the scroll labeled FUJATE TAJOURI, it crumbles to dust.
It is a scroll of enchant armour.
Your +1 hat of magic resistance glows green for a moment.
The death yak gores you.
* * * LOW HITPOINT WARNING * * *
You block the death yak's attack. The death yak gores you!
You die...
Your body disappears without a glow.

.#+.####
###+#####
........#
........#
........#
.......Y##
.......Y@#
.......Y##
.(......#
........+
........#
.........
##....+.#
##....#


You could see 3 death yaks.

Vanquished Creatures
  2 hydras (Lair:2)
  3 death yaks
  An unseen horror (D:8)
  An ugly thing (D:8)
  3 elephants
  Joseph (D:7)
  A black mamba (Lair:2)
  7 cane toads
  A komodo dragon (Lair:2)
  An eye of draining (D:8)
  A queen bee (Lair:1)
  3 trolls (D:7)
  A hornet (D:8)
  A polar bear (Lair:2)
  Sigmund (D:5)
  2 hippogriffs (Lair:2)
  2 steam dragons
  16 yaks
  2 basilisks (Lair:1)
  2 hungry ghosts (D:8)
  5 crocodiles
  Menkaure (D:5)
  5 water moccasins
  Duvessa (D:6)
  3 porcupines
  3 orc warriors
  3 ice beasts
  3 sky beasts
  4 ogres
  6 wolves
  Blork the orc (D:5)
  6 bullfrogs
  A centaur (D:8)
  A wyvern skeleton (D:9)
  Dowan (D:6)
  2 scorpions
  24 killer bees
  5 wights (D:8)
  2 howler monkeys
  3 orc priests
  An electric eel (Lair:1)
  6 crimson imps
  2 quasits
  3 hounds
  A bullfrog skeleton (D:5)
  5 orc wizards
  4 iguanas
  Natasha (twice) (D:3)
  A hell rat (D:8)
  6 worker ants
  A hound skeleton (D:5)
  A howler monkey zombie (D:9)
  12 adders
  2 river rats (D:8)
  A shadow imp (D:7)
  2 adder skeletons (D:5)
  4 worms
  3 dart slugs
  5 leopard geckos
  42 orcs
  A ball python (D:3)
  9 bats
  3 giant cockroaches (D:1)
  3 goblins
  3 hobgoblins
  11 jackals
  6 kobolds
  4 quokkas
  7 frilled lizards
  2 gnoll zombies (D:6)
  A hobgoblin zombie (D:9)
  A jackal zombie (D:6)
  An orc skeleton (D:9)
  An orc zombie (D:9)
  A quokka skeleton (D:4)
  5 rats
  A plant (Lair:2)
296 creatures vanquished.

Vanquished Creatures (collateral kills)
  Gastronok (D:8)
  A death yak (D:8)
  4 yaks (D:8)
  Edmund (D:5)
  2 crocodiles
  A black bear (D:8)
  A crimson imp (D:8)
  A bullfrog zombie (D:6)
  An orc wizard (D:8)
  2 worker ants
  A worker ant zombie (D:6)
  4 orcs (D:8)
  A quokka (D:8)
  A rat (D:8)
22 creatures vanquished.

Vanquished Creatures (others)
  A centaur (D:5)
  A plant (Lair:2)
2 creatures vanquished.

Grand Total: 320 creatures vanquished

Notes
Turn   | Place    | Note
-------+----------+-------------------------------------------
     0 | D:1      | Finalfun the Oni Fire Elementalist began the quest for the
                  | Orb.
     0 | D:1      | Reached XP level 1. HP: 14/14 MP: 6/6
   210 | D:1      | Reached XP level 2. HP: 11/20 MP: 0/7
   511 | D:1      | Reached XP level 3. HP: 26/26 MP: 3/9
   803 | D:2      | Identified the ring "Dingazu" {+Fly MR+}
   904 | D:2      | Found a shadowy altar of Dithmenos.
  1562 | D:3      | Reached XP level 4. HP: 32/33 MP: 8/11
  1567 | D:3      | Learned a level 1 spell: Freeze
  1718 | D:3      | Found a snail-covered altar of Cheibriados.
  2050 | D:3      | Reached XP level 5. HP: 39/39 MP: 10/13
  2080 | D:3      | Learned a level 3 spell: Conjure Flame
  2088 | D:3      | Reached skill level 1 in Fighting
  2214 | D:3      | Noticed Natasha
  2249 | D:3      | Killed Natasha
  2541 | D:3      | Noticed Natasha
  2547 | D:3      | Killed Natasha
  2640 | D:4      | Noticed an ogre
  2648 | D:3      | Killed an ogre
  2649 | D:3      | Reached XP level 6. HP: 52/52 MP: 8/14
  2654 | D:3      | Learned a level 4 spell: Animate Dead
  2761 | D:4      | Reached skill level 1 in Unarmed Combat
  2849 | D:4      | Found a shattered altar of Ashenzari.
  2953 | D:4      | Found a radiant altar of Vehumet.
  3127 | D:4      | Reached XP level 7. HP: 59/59 MP: 9/15
  3272 | D:4      | Found a staircase to the Ecumenical Temple.
  3284 | Temple   | Entered the Ecumenical Temple
  3522 | Temple   | Became a worshipper of Nemelex Xobeh the Trickster
  3548 | D:4      | Received a gift from Nemelex Xobeh
  3824 | D:4      | Found a bloodstained altar of Trog.
  3868 | D:4      | Reached skill level 1 in Invocations
  3869 | D:4      | Reached skill level 2 in Invocations
  4524 | D:5      | Entered Level 5 of the Dungeon
  4524 | D:5      | Noticed Blork the orc
  4528 | D:5      | Killed Blork the orc
  4529 | D:5      | Reached skill level 3 in Invocations
  4533 | D:5      | Reached skill level 4 in Invocations
  4540 | D:5      | Reached skill level 5 in Invocations
  4540 | D:5      | Reached XP level 8. HP: 62/66 MP: 13/16
  4568 | D:5      | Noticed Menkaure
  4576 | D:5      | Killed Menkaure
  4577 | D:5      | Reached skill level 6 in Invocations
  4586 | D:5      | Reached skill level 7 in Invocations
  4781 | D:5      | Reached skill level 8 in Invocations
  4974 | D:5      | Noticed Sigmund
  4982 | D:5      | Noticed Edmund
  4983 | D:5      | Killed Sigmund
  4987 | D:5      | Killed Edmund
  4988 | D:5      | Reached skill level 5 in Spellcasting
  5084 | D:5      | Reached * piety under Nemelex Xobeh
  5095 | D:5      | Reached XP level 9. HP: 39/71 MP: 10/18
  5251 | D:5      | Found an ornate altar of the Wu Jian Council.
  5274 | D:5      | Received a gift from Nemelex Xobeh
  5275 | D:5      | Found a sacrificial altar of Ru.
  5416 | D:5      | Learned a level 4 spell: Cause Fear
  5557 | D:5      | Found Qedaune's Armour Boutique.
  5887 | D:6      | Found a blossoming altar of Fedhas.
  5896 | D:6      | Found a hide-covered altar of Uskayaw.
  5902 | D:6      | Found an ancient bone altar of Kikubaaqudgha.
  5922 | D:6      | Reached skill level 1 in Armour
  6009 | D:6      | Noticed Dowan
  6010 | D:6      | Noticed Duvessa
  6014 | D:6      | Killed Dowan
  6017 | D:6      | Killed Duvessa
  6552 | D:6      | Learned a level 5 spell: Fireball
  6564 | D:6      | Found a basalt altar of Yredelemnul.
  6803 | D:7      | Got a smouldering scale mail
  6814 | D:7      | Identified the +1 scale mail of Fanaticism {rN+} (You found
                  | it on level 7 of the Dungeon)
  6948 | D:7      | Noticed a troll
  6958 | D:7      | Killed a troll
  7031 | D:7      | Received a gift from Nemelex Xobeh
  7058 | D:7      | Reached ** piety under Nemelex Xobeh
  7107 | D:7      | Found a transporter.
  7132 | D:7      | Found a transporter.
  7143 | D:7      | Noticed a troll
  7207 | D:7      | Killed a troll
  7208 | D:7      | Reached XP level 10. HP: 49/78 MP: 10/21
  7561 | D:7      | Found Tedeabbi's Antique Weapon Boutique.
  7639 | D:7      | Received a gift from Nemelex Xobeh
  7672 | D:7      | Noticed Joseph
  7687 | D:7      | Killed Joseph
  7814 | D:7      | Noticed pecorinoman's ghost (novice HOBe)
  7815 | D:7      | Noticed a moth of wrath
  7817 | D:7      | Found a bloodstained altar of Trog.
  7817 | D:7      | Identified the +7 great mace "Orb Guardian's Peril" {flame,
                  | rC+ Str+3 Dex+4}
  7817 | D:7      | Noticed a tengu warrior
  8394 | D:8      | Noticed a death yak
  8398 | D:8      | Noticed a death yak
  8421 | D:8      | Killed a death yak
  8422 | D:8      | Reached skill level 9 in Invocations
  8422 | D:8      | Noticed a death yak
  8437 | D:8      | Killed a death yak
  8438 | D:8      | Reached XP level 11. HP: 65/84 MP: 11/26
  8446 | D:8      | Received a gift from Nemelex Xobeh
  8883 | D:8      | Noticed a brown ugly thing
  8895 | D:8      | Killed a brown ugly thing
  8896 | D:8      | Reached skill level 10 in Invocations
  8977 | D:8      | Found a staircase to the Lair.
  9157 | D:7      | HP: 4/84 [death yak (9)]
  9400 | D:7      | Killed a death yak
  9401 | D:7      | Reached skill level 11 in Invocations
 10072 | D:8      | Killed an unseen horror
 10073 | D:8      | Reached skill level 12 in Invocations
 10285 | D:9      | Reached *** piety under Nemelex Xobeh
 10417 | Lair:1   | Entered Level 1 of the Lair of Beasts
 10441 | Lair:1   | Noticed Gastronok
 10557 | D:8      | Killed Gastronok
 10558 | D:8      | Reached skill level 14 in Invocations
 10558 | D:8      | Reached XP level 12. HP: 31/91 MP: 22/27
 10762 | Lair:1   | Reached skill level 15 in Invocations
 11008 | Lair:1   | Received a gift from Nemelex Xobeh
 11112 | Lair:1   | Got a translucent pewter ring
 11784 | Lair:1   | Reached skill level 5 in Fighting
 11796 | Lair:1   | Reached skill level 5 in Unarmed Combat
 12015 | Lair:2   | Noticed a five-headed hydra
 12024 | Lair:1   | Reached skill level 5 in Armour
 12024 | Lair:1   | Reached skill level 5 in Dodging
 12100 | Lair:2   | Received a gift from Nemelex Xobeh
 12313 | Lair:2   | Killed a five-headed hydra
 12380 | Lair:2   | Reached XP level 13. HP: 78/102 MP: 24/28
 12421 | Lair:2   | Learned a level 5 spell: Summon Mana Viper
 12422 | Lair:2   | Identified the ring "Toakhol" {rPois rC+ MR+ Dex+3} (You
                  | found it on level 1 of the Lair of Beasts)
 12491 | Lair:2   | Reached **** piety under Nemelex Xobeh
 12733 | Lair:2   | Received a gift from Nemelex Xobeh
 12903 | Lair:2   | Reached skill level 1 in Evocations
 13390 | Lair:3   | HP: 1/102 [death yak (5)]
 13390 | Lair:3   | Mangled by a death yak

Skill      XL: |  1  2  3  4  5  6  7  8  9 10 11 12 13 |
---------------+----------------------------------------+-----
Dodging        | 2 4 5 |  5.9
Stealth        | 2 |  2.0
Spellcasting   | 3 4 5 6 9 |  9.0
Fighting       | 3 4 5 6 |  6.2
Unarmed Combat | 3 4 5 6 |  6.2
Invocations    | 5 8 9 14 15 | 15.0
Armour         | 4 5 |  5.9
Evocations     | 2 |  2.0
Conjurations   | |  9.0
Hexes          | |  9.0
Charms         | |  9.0
Summonings     | |  9.0
Necromancy     | |  9.0
Translocations | |  9.0
Transmutations | |  9.0
Fire Magic     | |  9.0
Ice Magic      | |  9.0
Air Magic      | |  9.0
Earth Magic    | |  9.0
Poison Magic   | |  9.0

Action                   |  1- 3 |  4- 6 |  7- 9 | 10-12 | 13-15 || total
-------------------------+-------+-------+-------+-------+-------++-------
Melee: Unarmed           |    30 |    47 |    83 |    12 |       ||   172
       Headbutt          |     6 |     2 |    14 |     5 |       ||    27
       Bite              |     1 |     2 |     6 |     2 |       ||    11
       Punch             |       |       |     2 |       |       ||     2
Throw: Stone             |     1 |       |       |     4 |       ||     5
       Tomahawk          |       |       |     4 |    52 |       ||    56
 Cast: Flame Tongue      |    50 |    75 |   187 |   193 |    29 ||   534
       Freeze            |       |    11 |    49 |   128 |     2 ||   190
       Animate Dead      |       |       |     5 |     3 |       ||     8
       Cause Fear        |       |       |     4 |     5 |       ||     9
       Fireball          |       |       |       |    72 |     3 ||    75
       Conjure Flame     |       |       |       |     1 |     2 ||     3
Invok: Triple Draw       |       |       |       |     3 |       ||     3
 Abil: Draw Summoning    |       |       |     4 |     7 |       ||    11
       Draw Destruction  |       |       |     5 |     6 |     4 ||    15
       Draw Escape       |       |       |     1 |     5 |       ||     6
  Use: Scroll            |       |     5 |     3 |     4 |     4 ||    16
 Stab: Sleeping          |     1 |     2 |       |       |       ||     3
  Eat: Chunk             |     3 |     8 |    14 |    27 |     4 ||    56
       Ration            |       |       |     1 |     4 |       ||     5
Armor: Animal skin       |    16 |    19 |    28 |       |       ||    63
       Steam dragon scal |       |       |    48 |   106 |     9 ||   163
Dodge: Dodged            |    28 |    43 |   116 |   167 |    16 ||   370
Block: Other             |       |    13 |    73 |   107 |     6 ||   199
       Reflection        |       |       |     5 |     4 |       ||     9
